 Dungeon Crawl Stone Soup version 0.27-a0-421-g7ddf969dea (webtiles) character file.

Game seed: 3376016962134912503

59 Anon1729 the Gusty (level 3, -4/25 (26) HPs)
             Began as a Demigod Air Elementalist on Feb 26, 2021.
             Slain by Crazy Yiuf
             ... wielding a +3 quarterstaff of chaos
              (10 damage)
             ... on level 2 of the Dungeon.
             The game lasted 00:02:31 (2664 turns).

Anon1729 the Gusty (Demigod Air Elementalist)       Turns: 2664, Time: 00:02:32

HP:   -4/25 (26)    AC:  2    Str:  9    XL:     3   Next: 54%
MP:   6/9           EV: 12    Int: 21    God:
Gold: 142           SH:  5    Dex: 14    Spells: 4/7 levels left

rFire    . . .     SeeInvis .   (no weapon)
rCold    . . .     Faith    .   (no shield)
rNeg     . . .     Spirit   .   a - +0 robe
rPois    .         Reflect  +   (no helmet)
rElec    .         Harm     .   (no cloak)
rCorr    +         Rampage  .   (no gloves)
Will     .....                  (no boots)
Stlth    ++........             l - amulet of reflection
HPRegen  0.08/turn              d - ring of resist corrosion
MPRegen  0.11/turn              (no ring)

@: lightly drained
A: high mp 1
a: no special abilities


You were on level 2 of the Dungeon.
You visited 1 branch of the dungeon, and saw 2 of its levels.

You collected 142 gold pieces.

Inventory:

Armour
 a - a +0 robe (worn)
Jewellery
 d - a ring of resist corrosion (left hand)
 l - an amulet of reflection (around neck)
Wands
 n - a wand of mindburst (11)
Scrolls
 c - a scroll of amnesia {unknown}
 e - 4 scrolls of magic mapping {unknown}
 g - 3 scrolls of noise {unknown}
 j - a scroll of enchant weapon {unknown}
 k - 4 scrolls of identify {unknown}
 m - 5 scrolls of teleportation {unknown}
 o - a scroll of immolation {unknown}
Potions
 b - a potion of degeneration {unknown}
 f - 3 potions of curing {unknown}
 h - a potion of attraction {unknown}
 i - a potion of might {unknown}


   Skills:
 + Level 2.2 Dodging
 + Level 1.7 Stealth
 + Level 0.1 Unarmed Combat
 + Level 2.6 Spellcasting
 + Level 0.9 Conjurations
 + Level 3.3 Air Magic


You had 4 spell levels left.
You knew the following spells:

 Your Spells              Type           Power        Failure   Level
a - Shock                 Conj/Air       44%          6%          1
b - Swiftness             Air            16%          5%          2

Your spell library contained the following spells:

 Spells                   Type           Power        Failure   Level
 Static Discharge         Conj/Air       11%          17%         3
 Airstrike                Air            8%           34%         4
 Lightning Bolt           Conj/Air       5%           85%         5


Dungeon Overview and Level Annotations

Branches:
Dungeon (2/15)

Annotations:
D:2 Crazy Yiuf


Innate Abilities, Weirdness & Mutations

You have an increased reservoir of magic. (+10% MP)


Message History

Found a mace.
Found a mace.
Found a runed translucent door.
Crazy Yiuf shouts!
Casting: Shock (safe; 6% risk of failure)
Confirm with . or Enter, or press ? or * to list all spells.
You feel quick.
Crazy Yiuf laughs, "You!"
You open the door.
Crazy Yiuf says, "Action childish infinity!"
Crazy Yiuf cries, "Whiteboard sanguine down!"
Casting: Swiftness (safe; 5% risk of failure)
Confirm with . or Enter, or press ? or * to list all spells.
Aiming: Shock (safe; 6% risk of failure)
Press: ? - help, Shift-Dir - straight line
Okay, then.
Crazy Yiuf drinks a potion.
Crazy Yiuf flickers and vanishes!
Deactivating autopickup; reactivate with Ctrl-A.
You start to feel a little slower.
You see here an adder corpse.
You feel sluggish.
There is an open door here.
You start to feel a little faster.
Casting: Shock (safe; 6% risk of failure)
Confirm with . or Enter, or press ? or * to list all spells.
You can't see any susceptible monsters within range! (Use Z to cast anyway.)
Something hits you!
You feel drained. Something hits you.
You feel your power leaking away. Something hits you.
* * * LOW HITPOINT WARNING * * *
Something burns you.
* * * LOW HITPOINT WARNING * * *
Unknown command.
Casting: Shock (safe; 6% risk of failure)
Confirm with . or Enter, or press ? or * to list all spells.
Aiming: Shock (safe; 6% risk of failure)
Press: ? - help, Shift-Dir - straight line The zap hits something.
You no longer feel sluggish.
Something hits you!
You die...

###### #.......# #.# .....#
#####.### #†#### ####.# ##'##
#....# #.# ##...## ####.# ###.#
##.....## #####.##### ##.#.#
##.......## ##.#.......#
#....###.........####....#.###.#
.......'.........{.........# #.#
.....###......>.@####.....## #.#
##.#.# ##.......## ##.#..# #.#
###.# ##.....## ###..####.#
#...# ##...## #.......# #.#.#
##+## #########.###### ##.#.#
#.# #......##.# .....# #.#
#.####.##.# ##.### ##.##
#.####.##.# #.#
##...###.#.......#


There were no monsters in sight!

Vanquished Creatures
  2 adders (D:2)
  3 leopard geckos
  3 giant cockroaches
  2 hobgoblins (D:1)
  4 kobolds
  7 bats
  2 frilled lizards (D:1)
  8 goblins
  8 rats
39 creatures vanquished.

Vanquished Creatures (others)
  3 fungi (D:2)
3 creatures vanquished.

Grand Total: 42 creatures vanquished

Notes
Turn   | Place    | Note
-------+----------+-------------------------------------------
     0 | D:1      | Anon1729 the Demigod Air Elementalist began the quest for
                  | the Orb.
     0 | D:1      | Reached XP level 1. HP: 14/14 MP: 5/5
   437 | D:1      | Reached skill level 3 in Air Magic
   453 | D:1      | Reached XP level 2. HP: 20/20 MP: 5/7
  1294 | D:2      | Learned a level 2 spell: Swiftness
  1663 | D:2      | Reached XP level 3. HP: 26/26 MP: 4/8
  2627 | D:2      | Found a runed translucent door.
  2628 | D:2      | Noticed Crazy Yiuf
  2664 | D:2      | Slain by Crazy Yiuf

Illustrated notes

Levels and vault maps discovered:
D:1:      scummos_arrival_star, layout_loops_ring, minmay_split_cup_small
D:2:      layout_loops_corners, minmay_randomly_rotated_circles,
          uniq_crazy_yiuf_cottage

Skill      XL: |  1  2 |
---------------+-------+-----
Dodging        | 2 |  2.2
Air Magic      | 3 |  3.3
Spellcasting   | 2 |  2.6
Stealth        | |  1.7
Unarmed Combat | |  0.1
Conjurations   | |  0.9

Action                   || total
-------------------------++-------
Melee: Unarmed           ||    16
 Cast: Shock             ||    70
       Swiftness         ||     1
Armor: Robe              ||     6
Dodge: Dodged            ||    20

Table legend: (Time is in decaauts)
 A = Elapsed time spent in this place.
 B = Non-inter-level travel time spent in this place.
 C = Inter-level travel time spent in this place.
 D = Time resting spent in this place.
 E = Time spent auto-exploring this place.
 F = Levels seen in this place.
 G = Mean time per level.
                   A        B        C        D        E       F      G
               +--------+--------+--------+--------+--------+-----+--------+
         Total |   2664 |   2625 |     39 |     53 |   2351 |   2 | 1332.0 |
       Dungeon |   2664 |   2625 |     39 |     53 |   2351 |   2 | 1332.0 |
               +--------+--------+--------+--------+--------+-----+--------+

Top non-repeatable levels by time:
     D:2: 1374 daAuts
     D:1: 1289 daAuts
